 Dungeon Crawl Stone Soup version 0.28.0 (webtiles) character file.

Game seed: 11225495862663696804

64 themarg the Covered (level 4, -1/32 HPs)
             Began as a Gnoll Wanderer on Feb 19, 2022.
             Slain by a gnoll (4 damage)
             ... on level 3 of the Dungeon.
             The game lasted 00:05:12 (2433 turns).

themarg the Covered (Gnoll Wanderer)                Turns: 2433, Time: 00:05:12

Health: -1/32      AC:  6    Str: 11    XL:     4   Next: 12%
Magic:  5/5        EV: 10    Int: 12    God:
Gold:   46         SH:  0    Dex: 13    Spells: 5/5 levels left

rFire   . . .      SeeInvis .   a - +2 dagger
rCold   . . .      Faith    .   (no shield)
rNeg    . . .      Spirit   .   d - +0 ring mail
rPois   .          Reflect  .   (no helmet)
rElec   .          Harm     .   (no cloak)
rCorr   .          Rampage  .   (no gloves)
Will    .....                   (no boots)
Stlth   +.........              (no amulet)
HPRegen 0.10/turn               j - ring of wizardry
MPRegen 0.09/turn               (no ring)

@: no status effects
A: fangs 1, strong nose, distributed training
a: no special abilities


You were on level 3 of the Dungeon.
You visited 1 branch of the dungeon, and saw 3 of its levels.

You collected 46 gold pieces.

Inventory:

Hand Weapons
 a - a +2 dagger (weapon)
 c - a +0 falchion
Missiles
 b - 2 curare-tipped darts (quivered)
 i - 118 stones
Armour
 d - a +0 ring mail (worn)
Jewellery
 j - a ring of wizardry (left hand)
Scrolls
 h - a scroll of noise {unknown}
Potions
 e - 2 potions of magic {unknown}
 f - a potion of curing {unknown}
 g - a potion of flight {unknown}
 k - a potion of brilliance {unknown}


   Skills:
 + Level 1.0 Fighting
 + Level 1.0 Short Blades
 + Level 6.6 Long Blades
 + Level 1.0 Axes
 + Level 1.0 Maces & Flails
 + Level 1.0 Polearms
 + Level 1.0 Staves
 + Level 1.0 Slings
 + Level 1.0 Bows
 + Level 1.0 Crossbows
 + Level 6.6 Throwing
 + Level 6.6 Armour
 + Level 1.0 Dodging
 + Level 1.0 Stealth
 + Level 1.0 Shields
 + Level 1.0 Unarmed Combat
 + Level 1.0 Spellcasting
 + Level 0.8 Conjurations
 + Level 0.8 Hexes
 + Level 0.8 Summonings
 + Level 0.8 Necromancy
 + Level 0.8 Translocations
 + Level 0.8 Transmutations
 + Level 0.8 Fire Magic
 + Level 0.8 Ice Magic
 + Level 0.8 Air Magic
 + Level 0.8 Earth Magic
 + Level 0.8 Poison Magic
 + Level 1.1 Invocations
 + Level 2.7 Evocations


You had 5 spell levels left.
You didn't know any spells.
Your spell library was empty.

Dungeon Overview and Level Annotations

Branches:
Dungeon (3/15)

Altars:

Shops:
D:1 (


Innate Abilities, Weirdness & Mutations

You have very sharp teeth.
Your uncanny sense of smell can sniff out nearby items.
Your experience applies equally to all skills.


Message History

The gnoll is severely wounded.
The gnoll hits you with a +0 club.
You hit the gnoll. You bite the gnoll, but do no damage.
The gnoll is severely wounded.
The gnoll hits you with a +0 club.
You barely miss the gnoll.
The gnoll is severely wounded.
You barely miss the gnoll. You bite the gnoll.
The gnoll is lightly wounded.
You hit the gnoll but do no damage.
The gnoll is lightly wounded.
The gnoll hits you with a +0 flail.
You hit the gnoll. Your punch misses the gnoll.
The gnoll is moderately wounded.
You completely miss the gnoll. The gnoll hits you with a +0 flail!
* * * LOW HITPOINT WARNING * * *
The gnoll hits you with a +0 whip.
* * * LOW HITPOINT WARNING * * *
The gnoll hits you but does no damage.
You hit the gnoll. You bite the gnoll, but do no damage.
The gnoll is moderately wounded.
The gnoll hits you with a +0 flail.
* * * LOW HITPOINT WARNING * * *
You closely miss the gnoll.
The gnoll is moderately wounded.
The gnoll hits you with a +0 flail.
* * * LOW HITPOINT WARNING * * *
You hit the gnoll.
The gnoll is moderately wounded.
The gnoll hits you but does no damage.
You hit the gnoll.
The gnoll is severely wounded.
The gnoll barely misses you.
You barely miss the gnoll.
The gnoll is severely wounded.
The gnoll hits you but does no damage.
You hit the gnoll.
The gnoll is almost dead.
The gnoll hits you with a +0 flail.
You die...

##########
+..@ggg..#
#####g.#.......
####..#.......
#.....#.......
#.....#.......
#.....#.......
#.....#.......
..####.....#.#..#+#
........#..#.#..#


You could see 4 gnolls.

Vanquished Creatures
  A gnoll (D:1)
  A worm (D:3)
  2 dart slugs (D:1)
  6 ball pythons
  3 endoplasms
  A giant cockroach (D:1)
  2 goblins (D:1)
  9 hobgoblins
  6 jackals
  4 kobolds (D:1)
  4 bats (D:1)
  3 rats
42 creatures vanquished.

Vanquished Creatures (others)
  A bat (D:1)
  A demonic plant (D:2)
  2 fungi (D:2)
  3 plants (D:2)
  A withered plant (D:2)
8 creatures vanquished.

Grand Total: 50 creatures vanquished

Notes
Turn   | Place    | Note
-------+----------+-------------------------------------------
     0 | D:1      | themarg the Gnoll Wanderer began the quest for the Orb.
     0 | D:1      | themarg set off with the following items: a +2 dagger, 2
                  | curare-tipped darts, a +0 falchion, a +0 ring mail
     0 | D:1      | Reached XP level 1. HP: 13/13 MP: 1/1
    57 | D:1      | Reached XP level 2. HP: 12/20 MP: 2/2
   222 | D:1      | Found Deuxonav's Weapon Shop.
   486 | D:1      | Reached XP level 3. HP: 25/25 MP: 3/3
   857 | D:1      | Reached skill level 1 in Invocations
  1825 | D:2      | Reached skill level 1 in Fighting
  1825 | D:2      | Reached skill level 1 in Short Blades
  1825 | D:2      | Reached skill level 1 in Axes
  1825 | D:2      | Reached skill level 1 in Maces & Flails
  1825 | D:2      | Reached skill level 1 in Polearms
  1825 | D:2      | Reached skill level 1 in Staves
  1825 | D:2      | Reached skill level 1 in Slings
  1825 | D:2      | Reached skill level 1 in Bows
  1825 | D:2      | Reached skill level 1 in Crossbows
  1825 | D:2      | Reached skill level 1 in Dodging
  1825 | D:2      | Reached skill level 1 in Stealth
  1825 | D:2      | Reached skill level 1 in Shields
  1825 | D:2      | Reached skill level 1 in Unarmed Combat
  1825 | D:2      | Reached skill level 1 in Spellcasting
  2302 | D:3      | Reached XP level 4. HP: 28/32 MP: 5/5
  2433 | D:3      | Slain by a gnoll

Illustrated notes

Levels and vault maps discovered:
D:1:      minmay_arrival_semitransparent, layout_basic, serial_shops,
          nicolae_shop_trees
D:2:      layout_basic, shapermc_ecumenical_altar_gd,
          nicolae_elevator_lobby_asterisk
D:3:      layout_basic, overflow_temple_1_default, minitemple, serial_shops,
          shop, hex_intersection, uniq_jessica

Skill      XL: |  1  2  3 |
---------------+----------+-----
Invocations    | 1 |  1.1
Fighting       | 1 |  1.0
Short Blades   | 1 |  1.0
Axes           | 1 |  1.0
Maces & Flails | 1 |  1.0
Polearms       | 1 |  1.0
Staves         | 1 |  1.0
Slings         | 1 |  1.0
Bows           | 1 |  1.0
Crossbows      | 1 |  1.0
Dodging        | 1 |  1.0
Stealth        | 1 |  1.0
Shields        | 1 |  1.0
Unarmed Combat | 1 |  1.0
Spellcasting   | 1 |  1.0
Long Blades    | |  6.6
Throwing       | |  6.6
Armour         | |  6.6
Conjurations   | |  0.8
Hexes          | |  0.8
Summonings     | |  0.8
Necromancy     | |  0.8
Translocations | |  0.8
Transmutations | |  0.8
Fire Magic     | |  0.8
Ice Magic      | |  0.8
Air Magic      | |  0.8
Earth Magic    | |  0.8
Poison Magic   | |  0.8
Evocations     | |  2.7

Action                   |  1- 3 |  4- 6 || total
-------------------------+-------+-------++-------
Melee: Dagger            |   144 |    40 ||   184
       Bite              |     5 |     6 ||    11
       Punch             |     1 |       ||     1
Armor: Ring mail         |    50 |    13 ||    63
Dodge: Dodged            |    84 |    17 ||   101
